TOP OF THE 1ST |
Albuquerque Isotopes batting - Pitching for Spokane Trappers : RHP Jae-hyun Ch'oe
|
Pitching: RHP Jae-hyun Ch'oe
|
|
Batting: RHB Arturo García
|
0-0: Swinging Strike 0-1: Ball 1-1: Ball 2-1: Foul Ball, location: 2F 2-2: Ball 3-2: Strikes out looking
|
Batting: RHB Dave Mullen
|
0-0: Ball 1-0: Swinging Strike 1-1: Swinging Strike 1-2: Ball 2-2: Foul Ball, location: 2F 2-2: Ball 3-2: SINGLE (Line Drive, 7LS)
|
Batting: LHB Bernardo Montés
|
0-0: Ball 1-0: Foul Ball, location: 2F 1-1: Swinging Strike 1-2: Ball 2-2: Ball 3-2: Base on Balls Dave Mullen to second
|
Batting: LHB Mark Vestal
|
0-0: Swinging Strike 0-1: Foul Ball, location: 2F 0-2: Strikes out swinging
|
Batting: LHB António De Los Ángeles
|
0-0: Foul Ball, location: 2F 0-1: Swinging Strike 0-2: Foul Ball, location: 2F 0-2: Ball 1-2: Strikes out swinging
|
Top of the 1st over - 0 run(s), 1 hit(s), 0 error(s), 2 left on base; Albuquerque 0 - Spokane 0 |
BOTTOM OF THE 1ST |
Spokane Trappers batting - Pitching for Albuquerque Isotopes : RHP Jesús Silva
|
Pitching: RHP Jesús Silva
|
|
Batting: SHB Glenn Vadnais
|
0-0: Ball 1-0: Swinging Strike 1-1: Ball 2-1: Foul Ball, location: 2F 2-2: Strikes out swinging
|
Batting: RHB Robert Marks
|
0-0: Ball 1-0: Foul Ball, location: 2F 1-1: Foul Ball, location: 2F 1-2: Fly out, F8 (Flyball, 8RM)
|
Batting: LHB José Berroa
|
0-0: Ball 1-0: Ball 2-0: Ball 3-0: Base on Balls
|
Batting: RHB Pedro Guzmán
|
0-0: 2-RUN HOME RUN (Flyball, 7LD), Distance : 367 ft
|
Batting: RHB José Gómez
|
0-0: Ball 1-0: Foul Ball, location: 2F 1-1: Ball 2-1: Fly out, F8 (Line Drive, 8LD)
|
Bottom of the 1st over - 2 run(s), 1 hit(s), 0 error(s), 0 left on base; Albuquerque 0 - Spokane 2 |
TOP OF THE 2ND |
Albuquerque Isotopes batting - Pitching for Spokane Trappers : RHP Jae-hyun Ch'oe
|
Batting: RHB Alfonso Huertas
|
0-0: Ball 1-0: DOUBLE (Line Drive, 9LM)
|
Batting: RHB Juan Alberto
|
0-0: Ball 1-0: Foul Ball, location: 2F 1-1: Swinging Strike 1-2: SINGLE (Groundball, 6MD) Alfonso Huertas to third Runner from 3rd tries for Home, SAFE, no throw
|
Batting: LHB Fernando Ortíz
|
0-0: Ball 1-0: Ball 2-0: Foul Ball, location: 2F 2-1: Ball 3-1: Base on Balls Juan Alberto to second
|
Batting: LHB A.J. Major
|
0-0: Ball 1-0: Foul Ball, location: 2F 1-1: Ball 2-1: SINGLE (Line Drive, 56D) Juan Alberto to third Fernando Ortíz to second
|
Batting: RHB Arturo García
|
0-0: Ball 1-0: Foul Ball, location: 2F 1-1: Ball 2-1: Called Strike 2-2: Strikes out swinging
|
Batting: RHB Dave Mullen
|
0-0: Ball 1-0: Foul Ball, location: 2F 1-1: Ball 2-1: Foul Ball, location: 2F 2-2: Foul Ball, location: 2F 2-2: Ball 3-2: Foul Ball, location: 2F 3-2: SINGLE (Groundball, 6D) Juan Alberto scores Fernando Ortíz to third A.J. Major to second Runner from 3rd tries for Home, SAFE, no throw
|
Batting: LHB Bernardo Montés
|
0-0: Called Strike 0-1: Fly out, F8 (Flyball, 8LM) Throwing error, E8 A.J. Major scores Dave Mullen to second
|
Batting: LHB Mark Vestal
|
0-0: Ball 1-0: Ball 2-0: Ball 3-0: Called Strike 3-1: Base on Balls
|
Batting: LHB António De Los Ángeles
|
0-0: Ball 1-0: Single, Error in OF, E8, batter to second base Dave Mullen scores Mark Vestal to third
|
Batting: RHB Alfonso Huertas
|
0-0: Called Strike 0-1: Swinging Strike 0-2: Ball 1-2: Ball 2-2: Strikes out swinging
|
Top of the 2nd over - 5 run(s), 5 hit(s), 2 error(s), 2 left on base; Albuquerque 5 - Spokane 2 |
BOTTOM OF THE 2ND |
Spokane Trappers batting - Pitching for Albuquerque Isotopes : RHP Jesús Silva
|
Batting: LHB Will Hill
|
0-0: Ball 1-0: Swinging Strike 1-1: Called Strike 1-2: Ground out 1-3 (Groundball, P)
|
Batting: RHB Enrico Rodríguez
|
0-0: Called Strike 0-1: Fly out, F6 (Popup, 6S)
|
Batting: LHB Alan Moore
|
0-0: Called Strike 0-1: SINGLE (Line Drive, 9LS)
|
Batting: RHB Dani Rodríguez
|
0-0: Foul Ball, location: 2F 0-1: Ball 1-1: Foul Ball, location: 2F 1-2: Strikes out swinging
|
Bottom of the 2nd over - 0 run(s), 1 hit(s), 0 error(s), 1 left on base; Albuquerque 5 - Spokane 2 |
TOP OF THE 3RD |
Albuquerque Isotopes batting - Pitching for Spokane Trappers : RHP Jae-hyun Ch'oe
|
Batting: RHB Juan Alberto
|
0-0: Called Strike 0-1: Foul Ball, location: 2F 0-2: Strikes out swinging
|
Batting: LHB Fernando Ortíz
|
0-0: Ball 1-0: Called Strike 1-1: Ball 2-1: Ball 3-1: Base on Balls
|
Batting: LHB A.J. Major
|
0-0: Called Strike 0-1: Foul Ball, location: 2F 0-2: Hit by Pitch Fernando Ortíz to second
|
Batting: RHB Arturo García
|
0-0: Foul Ball, location: 2F 0-1: Ball Throwing error on steal attempt, E2 Fernando Ortíz scores A.J. Major to third 1-1: Foul Ball, location: 2F 1-2: Foul Ball, location: 2F 1-2: DOUBLE (Line Drive, 8RM) A.J. Major scores
|
Pitching: RHP José Navarro
|
|
Batting: RHB Dave Mullen
|
0-0: Called Strike 0-1: Foul Ball, location: 2F 0-2: SINGLE (Groundball, 6MD) Arturo García to third Runner from 3rd tries for Home, SAFE, no throw
|
Batting: LHB Bernardo Montés
|
0-0: Ball 1-0: Swinging Strike 1-1: Called Strike 1-2: Ball 2-2: Fly out, F5 (Popup, 5L)
|
Batting: LHB Mark Vestal
|
0-0: Called Strike Dave Mullen steals 2nd base 0-1: Called Strike 0-2: Foul Ball, location: 2F 0-2: Ground out 3-1 (Groundball, 34)
|
Top of the 3rd over - 3 run(s), 2 hit(s), 1 error(s), 1 left on base; Albuquerque 8 - Spokane 2 |
BOTTOM OF THE 3RD |
Spokane Trappers batting - Pitching for Albuquerque Isotopes : RHP Jesús Silva
|
Batting: SHB Glenn Vadnais
|
0-0: Ball 1-0: Ball 2-0: Ball 3-0: Called Strike 3-1: Base on Balls
|
Batting: RHB Robert Marks
|
0-0: Ball 1-0: Foul Ball, location: 2F 1-1: Swinging Strike 1-2: Strikes out swinging
|
Batting: LHB José Berroa
|
0-0: Ball 1-0: Fly out, F8 (Flyball, 8RM)
|
Batting: RHB Pedro Guzmán
|
0-0: 2-RUN HOME RUN (Flyball, 8LXD), Distance : 424 ft
|
Batting: RHB José Gómez
|
0-0: Ball 1-0: Ball 2-0: Called Strike 2-1: Foul Ball, location: 2F 2-2: Ball 3-2: Strikes out swinging
|
Bottom of the 3rd over - 2 run(s), 1 hit(s), 0 error(s), 0 left on base; Albuquerque 8 - Spokane 4 |
TOP OF THE 4TH |
Albuquerque Isotopes batting - Pitching for Spokane Trappers : RHP José Navarro
|
Batting: LHB António De Los Ángeles
|
0-0: Ball 1-0: Ball 2-0: Ball 3-0: Called Strike 3-1: Called Strike 3-2: Strikes out swinging
|
Batting: RHB Alfonso Huertas
|
0-0: Ball 1-0: SINGLE (Groundball, 4D)
|
Batting: RHB Juan Alberto
|
0-0: Called Strike Alfonso Huertas steals 2nd base 0-1: Fly out, F9 (Line Drive, 89M)
|
Batting: LHB Fernando Ortíz
|
0-0: Swinging Strike 0-1: Ball Wild Pitch! Alfonso Huertas to third 1-1: Foul Ball, location: 2F 1-2: Foul Ball, location: 2F 1-2: Ball 2-2: 2-RUN HOME RUN (Flyball, 78D), Distance : 386 ft
|
Batting: LHB A.J. Major
|
0-0: Called Strike 0-1: Ball 1-1: Ball 2-1: Ball 3-1: Base on Balls
|
Batting: RHB Arturo García
|
0-0: Called Strike 0-1: DOUBLE (Line Drive, 78D) A.J. Major to third Runner from 3rd tries for Home, SAFE, no throw
|
Batting: RHB Dave Mullen
|
0-0: Ball 1-0: Called Strike 1-1: SINGLE (Groundball, 6MD) Arturo García to third Runner from 3rd tries for Home, SAFE, no throw
|
Pitching: LHP Júlio Parra
|
|
Batting: LHB Bernardo Montés
|
0-0: SINGLE (Flyball, 56D) Dave Mullen to second
|
Batting: LHB Mark Vestal
|
0-0: Swinging Strike 0-1: Ball 1-1: Ball 2-1: SINGLE (Groundball, 6MD) Dave Mullen to third Bernardo Montés to second Runner from 3rd tries for Home, SAFE, no throw
|
Batting: LHB António De Los Ángeles
|
0-0: Called Strike 0-1: Ball 1-1: Swinging Strike 1-2: Foul Ball, location: 2F 1-2: Foul Ball, location: 2F 1-2: Ground out 4-3 (Groundball, 4S)
|
Top of the 4th over - 5 run(s), 6 hit(s), 0 error(s), 2 left on base; Albuquerque 13 - Spokane 4 |
BOTTOM OF THE 4TH |
Spokane Trappers batting - Pitching for Albuquerque Isotopes : RHP Jesús Silva
|
Batting: LHB Will Hill
|
0-0: Ball 1-0: Ball 2-0: Called Strike 2-1: Swinging Strike 2-2: Foul Ball, location: 2F 2-2: Foul Ball, location: 2F 2-2: Strikes out swinging
|
Batting: RHB Enrico Rodríguez
|
0-0: Ball 1-0: Foul Ball, location: 2F 1-1: Foul Ball, location: 2F 1-2: Strikes out swinging
|
Batting: LHB Alan Moore
|
0-0: Fly out, F6 (Popup, 6D)
|
Bottom of the 4th over - 0 run(s), 0 hit(s), 0 error(s), 0 left on base; Albuquerque 13 - Spokane 4 |
TOP OF THE 5TH |
Albuquerque Isotopes batting - Pitching for Spokane Trappers : LHP Júlio Parra
|
Batting: RHB Alfonso Huertas
|
0-0: Ball 1-0: Ball 2-0: Foul Ball, location: 2F 2-1: Ball 3-1: Ground out 1-3 (Groundball, 13)
|
Batting: RHB Juan Alberto
|
0-0: Ball 1-0: Called Strike 1-1: Called Strike 1-2: Strikes out swinging, 2-3 out at first.
|
Batting: LHB Fernando Ortíz
|
0-0: Called Strike 0-1: Ball 1-1: Ball 2-1: Ball 3-1: Base on Balls
|
Batting: LHB A.J. Major
|
0-0: Ball Throwing error on steal attempt, E2 Fernando Ortíz to third 1-0: Called Strike 1-1: Swinging Strike 1-2: SINGLE (Line Drive, 4) Fernando Ortíz scores
|
Batting: RHB Arturo García
|
0-0: Ball 1-0: Called Strike 1-1: 2-RUN HOME RUN (Flyball, 7D), Distance : 377 ft
|
Batting: RHB Dave Mullen
|
0-0: Called Strike 0-1: Ball 1-1: Ball 2-1: Swinging Strike 2-2: Foul Ball, location: 2F 2-2: Foul Ball, location: 2F 2-2: Ball 3-2: Fly out, F9 (Flyball, 9LM)
|
Top of the 5th over - 3 run(s), 2 hit(s), 1 error(s), 0 left on base; Albuquerque 16 - Spokane 4 |
BOTTOM OF THE 5TH |
Spokane Trappers batting - Pitching for Albuquerque Isotopes : RHP Jesús Silva
|
Batting: RHB Dani Rodríguez
|
0-0: Ball 1-0: Ball 2-0: SINGLE (Line Drive, 6)
|
Batting: SHB Glenn Vadnais
|
0-0: Swinging Strike 0-1: Foul Ball, location: 2F 0-2: Foul Ball, location: 2F 0-2: Strikes out swinging
|
Batting: RHB Robert Marks
|
0-0: Fly out, F9 (Flyball, 89D)
|
Batting: LHB José Berroa
|
0-0: Ball 1-0: Ball 2-0: Ball 3-0: Called Strike 3-1: SINGLE (Line Drive, 4D) Dani Rodríguez to second
|
Batting: RHB Pedro Guzmán
|
0-0: Ball Balk! Dani Rodríguez to third José Berroa to second 1-0: Ball 2-0: Ball 3-0: Called Strike 3-1: Base on Balls
|
Batting: RHB José Gómez
|
0-0: Ball 1-0: Called Strike 1-1: Ball 2-1: Ball 3-1: Foul Ball, location: 2F 3-2: Fly out, F7 (Flyball, 7S)
|
Bottom of the 5th over - 0 run(s), 2 hit(s), 0 error(s), 3 left on base; Albuquerque 16 - Spokane 4 |
TOP OF THE 6TH |
Albuquerque Isotopes batting - Pitching for Spokane Trappers : LHP Júlio Parra
|
Batting: LHB Bernardo Montés
|
0-0: Ball 1-0: Ball 2-0: Foul Ball, location: 2F 2-1: Swinging Strike 2-2: Ball 3-2: Base on Balls
|
Batting: LHB Mark Vestal
|
0-0: Called Strike 0-1: Ball 1-1: SINGLE (Flyball, 89S) Bernardo Montés to second
|
Batting: LHB António De Los Ángeles
|
0-0: Foul Ball, location: 2F 0-1: Ball 1-1: Swinging Strike 1-2: Ball 2-2: Grounds into double play, 4-6-3 (Groundball, 4) Bernardo Montés to third
|
Batting: RHB Alfonso Huertas
|
0-0: Called Strike 0-1: Foul Ball, location: 2F 0-2: Ball Wild Pitch! Bernardo Montés scores 1-2: Foul Ball, location: 2F 1-2: Fly out, F9 (Flyball, 9LM)
|
Top of the 6th over - 1 run(s), 1 hit(s), 0 error(s), 0 left on base; Albuquerque 17 - Spokane 4 |
BOTTOM OF THE 6TH |
Spokane Trappers batting - Pitching for Albuquerque Isotopes : RHP Jesús Silva
|
Batting: LHB Will Hill
|
0-0: Ball 1-0: SOLO HOME RUN (Flyball, 89XD), Distance : 412 ft
|
Batting: RHB Enrico Rodríguez
|
0-0: Called Strike 0-1: Ground out 5-3 (Groundball, 5)
|
Batting: LHB Alan Moore
|
0-0: SOLO HOME RUN (Flyball, 9LD), Distance : 356 ft
|
Batting: RHB Dani Rodríguez
|
0-0: Ball 1-0: Ground out 6-3 (Groundball, 6)
|
Batting: SHB Glenn Vadnais
|
0-0: Ball 1-0: Foul Ball, location: 2F 1-1: Ball 2-1: Ball 3-1: Base on Balls
|
Pitching: RHP Kenny Skinner
|
|
Batting: RHB Robert Marks
|
0-0: Called Strike 0-1: Ball 1-1: Ball 2-1: Called Strike 2-2: Ball 3-2: Strikes out swinging
|
Bottom of the 6th over - 2 run(s), 2 hit(s), 0 error(s), 1 left on base; Albuquerque 17 - Spokane 6 |
TOP OF THE 7TH |
Albuquerque Isotopes batting - Pitching for Spokane Trappers : LHP Júlio Parra
|
Pitching: RHP Dave Adams
|
|
Batting: RHB Juan Alberto
|
0-0: Called Strike 0-1: Swinging Strike 0-2: Ball 1-2: Ball 2-2: SINGLE (Line Drive, 78S)
|
Batting: LHB Fernando Ortíz
|
0-0: Called Strike 0-1: Ground out 3-1 (Groundball, 34S) Juan Alberto to second
|
Batting: LHB A.J. Major
|
0-0: Ball 1-0: Swinging Strike 1-1: Ground out U3 (Groundball, 3) Juan Alberto to third
|
Batting: RHB Arturo García
|
0-0: Ground out 6-3 (Groundball, 6)
|
Top of the 7th over - 0 run(s), 1 hit(s), 0 error(s), 1 left on base; Albuquerque 17 - Spokane 6 |
BOTTOM OF THE 7TH |
Spokane Trappers batting - Pitching for Albuquerque Isotopes : RHP Kenny Skinner
|
Batting: LHB José Berroa
|
0-0: Ball 1-0: Fly out, F8 (Line Drive, 8RD)
|
Batting: RHB Pedro Guzmán
|
0-0: Ball 1-0: Ball 2-0: Ball 3-0: Swinging Strike 3-1: Base on Balls
|
Pitching: RHP Manny Muńóz
|
|
Batting: RHB José Gómez
|
0-0: Ball 1-0: Called Strike 1-1: Foul Ball, location: 2F 1-2: Ball 2-2: Fly out, F9 (Flyball, 9)
|
Batting: LHB Will Hill
|
0-0: Ball 1-0: Ball 2-0: Called Strike 2-1: SINGLE (Groundball, 34S) (infield hit) Pedro Guzmán to second
|
Pinch Runner at 1st Alejandro Ramos:
|
|
Batting: RHB Enrico Rodríguez
|
0-0: Ball 1-0: Ball 2-0: Ball 3-0: Called Strike 3-1: Called Strike 3-2: Strikes out swinging
|
Bottom of the 7th over - 0 run(s), 1 hit(s), 0 error(s), 2 left on base; Albuquerque 17 - Spokane 6 |
TOP OF THE 8TH |
Albuquerque Isotopes batting - Pitching for Spokane Trappers : RHP Dave Adams
|
Now in RF: Alejandro Ramos
|
|
Batting: RHB Dave Mullen
|
0-0: Swinging Strike 0-1: Ball 1-1: Called Strike 1-2: Strikes out swinging
|
Batting: LHB Bernardo Montés
|
0-0: Called Strike 0-1: Ball 1-1: Ball 2-1: Foul Ball, location: 2F 2-2: Foul Ball, location: 2F 2-2: Ball 3-2: Strikes out swinging
|
Batting: LHB Mark Vestal
|
0-0: Called Strike 0-1: Swinging Strike 0-2: Strikes out swinging
|
Top of the 8th over - 0 run(s), 0 hit(s), 0 error(s), 0 left on base; Albuquerque 17 - Spokane 6 |
BOTTOM OF THE 8TH |
Spokane Trappers batting - Pitching for Albuquerque Isotopes : RHP Manny Muńóz
|
Batting: LHB Alan Moore
|
0-0: Ball 1-0: Foul Ball, location: 2F 1-1: SINGLE (Line Drive, 78S)
|
Batting: RHB Dani Rodríguez
|
0-0: Called Strike 0-1: Ball 1-1: Called Strike 1-2: Strikes out swinging
|
Batting: SHB Glenn Vadnais
|
0-0: Swinging Strike 0-1: Ball 1-1: Foul Ball, location: 2F 1-2: Fly out, F8 (Flyball, 8LM)
|
Batting: RHB Robert Marks
|
0-0: Ball 1-0: Ball 2-0: Ball 3-0: Called Strike 3-1: Base on Balls Alan Moore to second
|
Batting: LHB José Berroa
|
0-0: Ball 1-0: Ball 2-0: Ball 3-0: Called Strike 3-1: Base on Balls Alan Moore to third Robert Marks to second
|
Batting: RHB Pedro Guzmán
|
0-0: Ball 1-0: Ball 2-0: Ball 3-0: Called Strike 3-1: Base on Balls Alan Moore scores Robert Marks to third José Berroa to second
|
Batting: RHB José Gómez
|
0-0: SINGLE (Groundball, 56D) Robert Marks scores José Berroa to third Pedro Guzmán to second Runner from 3rd tries for Home, SAFE, no throw
|
Batting: RHB Alejandro Ramos
|
0-0: SINGLE (Groundball, 34D) Pedro Guzmán to third José Gómez to second Runner from 3rd tries for Home, SAFE, no throw
|
Batting: RHB Enrico Rodríguez
|
0-0: Fly out, F8 (Flyball, 8RS)
|
Bottom of the 8th over - 4 run(s), 3 hit(s), 0 error(s), 2 left on base; Albuquerque 17 - Spokane 10 |
TOP OF THE 9TH |
Albuquerque Isotopes batting - Pitching for Spokane Trappers : RHP Dave Adams
|
Batting: LHB António De Los Ángeles
|
0-0: Called Strike 0-1: Reached on error, E7 (Flyball, 7)
|
Batting: RHB Alfonso Huertas
|
0-0: TRIPLE (Line Drive, 9LS) António De Los Ángeles scores
|
Batting: RHB Juan Alberto
|
0-0: Ball 1-0: Ball 2-0: Called Strike 2-1: Ball 3-1: Called Strike 3-2: Foul Ball, location: 2F 3-2: Foul Ball, location: 2F 3-2: Strikes out swinging
|
Batting: LHB Fernando Ortíz
|
0-0: Ball 1-0: Swinging Strike 1-1: Ball 2-1: Ball 3-1: Ground out 4-3 (Groundball, 4) Alfonso Huertas scores
|
Batting: LHB A.J. Major
|
0-0: Called Strike 0-1: Fly out, F9 (Flyball, 9S)
|
Top of the 9th over - 2 run(s), 1 hit(s), 1 error(s), 0 left on base; Albuquerque 19 - Spokane 10 |
BOTTOM OF THE 9TH |
Spokane Trappers batting - Pitching for Albuquerque Isotopes : RHP Manny Muńóz
|
Batting: LHB Alan Moore
|
0-0: Ball 1-0: SOLO HOME RUN (Flyball, 89XD), Distance : 396 ft
|
Batting: RHB Dani Rodríguez
|
0-0: SINGLE (Line Drive, 8RS)
|
Batting: SHB Glenn Vadnais
|
0-0: Ball 1-0: Ball 2-0: Called Strike 2-1: Foul Ball, location: 2F 2-2: Foul Ball, location: 2F 2-2: Ball 3-2: Foul Ball, location: 2F 3-2: Base on Balls Dani Rodríguez to second
|
Batting: RHB Robert Marks
|
0-0: Ball 1-0: Fly out, F9 (Flyball, 9S)
|
Batting: LHB José Berroa
|
0-0: Ball 1-0: Ball 2-0: Ball 3-0: Base on Balls Dani Rodríguez to third Glenn Vadnais to second
|
Pitching: RHP Héctor Cruz
|
|
Batting: RHB Pedro Guzmán
|
0-0: GRAND SLAM HOME RUN (Flyball, 78XD), Distance : 412 ft
|
Batting: RHB José Gómez
|
0-0: Ball 1-0: Ball 2-0: Ball 3-0: Called Strike 3-1: Base on Balls
|
Batting: RHB Alejandro Ramos
|
0-0: Ball 1-0: SINGLE (Groundball, 6MD) José Gómez to second
|
Batting: RHB Enrico Rodríguez
|
0-0: Foul Ball, location: 2F 0-1: Fly out, F8 (Flyball, 8RS)
|
Batting: LHB Alan Moore
|
0-0: SINGLE (Line Drive, 34) José Gómez to third Alejandro Ramos to second Runner from 3rd tries for Home, SAFE, throw made at trailing runner, OUT at third!
|
Bottom of the 9th over - 6 run(s), 5 hit(s), 0 error(s), 1 left on base; Albuquerque 19 - Spokane 16 |
|